 Dungeon Crawl Stone Soup version 0.30-a0-1123-gabc949cf19 (webtiles) character file.

Game seed: 17049321238867617900

10289 themarg the Cleaver (level 11, -2/90 HPs)
             Began as a Demonspawn Cinder Acolyte on Apr 22, 2023.
             Was a Priest of Ignis.
             Slain by an ice devil (6 damage)
             ... on level 11 of the Dungeon.
             The game lasted 00:28:44 (12525 turns).

themarg the Cleaver (Demonspawn Cinder Acolyte)    Turns: 12525, Time: 00:28:45

Health: -2/90      AC: 22    Str: 17    XL:     11   Next: 34%
Magic:  15/15      EV: 15    Int: 17    God:    Ignis [***...]
Gold:   421        SH:  0    Dex:  9    Spells: 11/16 levels left

rFire   . . .        a - +4 war axe (freeze)
rCold   + . .        (no shield)
rNeg    . . .        u - quicksilver dragon scales
rPois   .            f - +2 helmet
rElec   .            (no cloak)
rCorr   .            (no gloves)
SInv    .            q - +0 pair of boots
Will    +....        K - amulet of magic regeneration
Stlth   +            t - ring of ice
HPRegen 0.35/turn    J - +5 ring of evasion
MPRegen 0.54/turn

%: no passive effects
@: fiery-armoured
A: foul stench 2, sharp scales 2, demonic touch 2
a: Renounce Religion, Fiery Armour, Foxfire Swarm


You were on level 11 of the Dungeon.
You worshipped Ignis.
Ignis was most pleased with you.
You visited 2 branches of the dungeon, and saw 12 of its levels.
You also visited: Bailey.

You collected 499 gold pieces.
You spent 78 gold pieces at shops.

Inventory:

Hand Weapons
 a - a +4 war axe of freezing (weapon)
Missiles
 c - 14 poisoned darts
 j - 72 stones (quivered)
 r - 5 silver boomerangs
 x - 4 javelins
 E - 3 boomerangs
Armour
 f - a +2 helmet (worn)
 q - a +0 pair of boots (worn)
 u - quicksilver dragon scales (worn)
 D - a +0 kite shield
 I - the +3 leather armour of the Fife {+Inv rF+ rN++ Int-2}
   (You found it on level 7 of the Dungeon)

   Int:       It affects your intelligence (-2).
   rF:        It protects you from fire.
   rN:        It greatly protects you from negative energy.
   +Inv:      It lets you turn invisible.
Jewellery
 t - a ring of ice (left hand)
 v - a ring of positive energy
 J - a +5 ring of evasion (right hand)
 K - an amulet of magic regeneration (around neck)
Wands
 b - a wand of flame (13)
 B - a wand of mindburst (9)
Scrolls
 e - a scroll of poison
 h - 5 scrolls of fog
 i - 4 scrolls of blinking
 l - 2 scrolls of enchant weapon
 p - 7 scrolls of teleportation
 y - a scroll of silence {unknown}
 G - 2 scrolls of brand weapon
 H - 2 scrolls of butterflies
 M - a scroll of fear {unknown}
Potions
 g - a potion of flight
 k - 2 potions of heal wounds
 m - 2 potions of lignification
 n - 2 potions of magic
 o - 2 potions of curing
 s - 2 potions of brilliance
 w - 2 potions of mutation
 z - a potion of might
 F - 3 potions of ambrosia
 L - a potion of cancellation


   Skills:
 - Level 10.0 Fighting
 + Level 11.7 Axes
 - Level 2.0 Throwing
 - Level 3.0 Stealth
 - Level 3.0 Spellcasting
 - Level 4.0 Translocations
 - Level 6.0 Fire Magic


You had 11 spell levels left.
You knew the following spells:

 Your Spells              Type           Power      Damage    Failure   Level
a - Scorch                Fire           44%        2d6       4%          2
b - Volatile Blastmotes   Fire/Tloc      38%        2d13      12%         3

Your spell library contained the following spells:

 Spells                   Type           Power      Damage    Failure   Level
 Sandblast                Erth           4%         2d4       32%         1
 Slow                     Hex            8%         N/A       32%         1
 Passwall                 Tmut/Erth      1%         N/A       43%         2
 Confusing Touch          Hex            2%         N/A       67%         3
 Dazzling Flash           Conj/Hex       4%         N/A       67%         3
 Stone Arrow              Conj/Erth      4%         3d7       67%         3
 Vampiric Draining        Necr           2%         2d6       67%         3
 Flame Wave               Conj/Fire      12%        2d6       67%         4
 Iskenderun's Mystic Bla  Conj/Tloc      9%         2d4       80%         4
 Starburst                Conj/Fire      6%         6d4       100%        6
 Summon Cactus Giant      Summ           1%         N/A       100%        6


Dungeon Overview and Level Annotations

Branches:
Dungeon (11/15)            Temple (1/1) D:7            Lair (0/5) D:9
    Orc (0/2) D:11         Bailey (visited)

Altars:
Ashenzari
Cheibriados
Dithmenos
Fedhas
Gozag
Hepliaklqana
Kikubaaqudgha
Makhleb
Nemelex Xobeh
Okawaru
Qazlal
Ru
Sif Muna
Trog
Uskayaw
Vehumet
Wu Jian
Xom
Yredelemnul

Shops:
D:1 :   D:2 ?[(

Portals:
Ice
Cave: D:11

Annotations:
D:4 Dowan, Duvessa
D:8 1 transporter, epsilonplus's ghost, novice MfGl


Innate Abilities, Weirdness & Mutations

You sometimes emit foul miasma when damaged in melee.
You are mostly covered in razor-sharp scales. (AC +2, Slay +2)
Your touch may inflict irresistible damage on your foes.


Message History

You feel more attuned to ice.
t - a ring of ice (left hand)
You open the door.
An ice devil comes into view.
Found a frozen archway.
There is an open door here.
An ice devil comes into view.
You closely miss the ice devil. You hit the ice devil.
The ice devil is lightly wounded.
The ice devil hits you. The ice devil freezes you! You resist.
You emit a cloud of foul miasma!
You slash the ice devil!
You touch the ice devil!
The ice devil is severely wounded.
You hit the ice devil but do no damage.
The ice devil is severely wounded.
The ice devil hits you! The ice devil freezes you! You resist.
You emit a cloud of foul miasma!
You hit the ice devil but do no damage. You hit the ice devil.
The ice devil hits you. The ice devil freezes you. You resist.
The ice devil hits you but does no damage.
You slash the ice devil!
You touch the ice devil!
The ice devil is heavily wounded.
You hit the ice devil but do no damage. The ice devil hits you.
* * * LOW HITPOINT WARNING * * *
The ice devil freezes you. You resist.
* * * LOW HITPOINT WARNING * * *
The ice devil hits you!
* * * LOW HITPOINT WARNING * * *
The ice devil freezes you! You resist.
* * * LOW HITPOINT WARNING * * *
A protective cloak of flame settles atop you.
The ice devil hits you but does no damage.
The ice devil closely misses you.
You hit the ice devil.
The ice devil is heavily wounded.
You hit the ice devil but do no damage. The ice devil hits you.
* * * LOW HITPOINT WARNING * * *
The ice devil freezes you. You resist.
You die...

.# #.# *,* .# #[#
*,* ## #.# *,* #.#
*,* #.# ***
#.######### *****#
#.........###*,,..#
#########.'4##....#
#.#@4....∩#
#.+.##....#
#####*,...# ****##


You could see 2 ice devils.

Vanquished Creatures
  2 two-headed ogres
  Amaemon (D:8)
  A manticore (D:10)
  An orange demon (D:8)
  Grinder (D:4)
  A troll (D:9)
  A hornet (D:7)
  4 wyverns
  A wraith (D:9)
  4 spriggans (Bailey)
  2 steam dragons
  4 yaks (D:9)
  4 acid dragons
  6 water moccasins
  2 black bears
  An ice beast (D:7)
  5 orc warriors
  A sky beast (D:6)
  6 ogres
  3 centaurs
  A phantom (D:6)
  2 bullfrogs
  2 gnoll sergeants (D:8)
  4 scorpions
  6 wights
  A killer bee (D:9)
  A howler monkey (D:5)
  12 electric eels
  4 jellies
  2 hounds
  3 orc priests
  2 sleepcaps
  A gnoll bouda (D:8)
  5 iguanas
  11 orc wizards
  12 gnolls
  5 adders
  A shadow imp (D:3)
  A white imp (D:6)
  An ufetubus (D:3)
  A worm (D:4)
  2 dart slugs (D:1)
  23 orcs
  3 endoplasms
  5 giant cockroaches
  5 goblins
  5 hobgoblins
  4 jackals (D:1)
  4 kobolds
  5 quokkas
  6 ball pythons
  3 bats
  5 frilled lizards
  4 rats
203 creatures vanquished.

Vanquished Creatures (others)
  A wyvern (D:9)
  An orc wizard (D:9)
  A gnoll (D:8)
  2 orcs
  A rat (D:3)
  A bush (D:9)
  10 foxfires (Bailey)
  2 fungi (D:9)
  34 plants
53 creatures vanquished.

Grand Total: 256 creatures vanquished

Notes
Turn   | Place    | Note
-------+----------+-------------------------------------------
     0 | D:1      | themarg the Demonspawn Cinder Acolyte began the quest for
                  | the Orb.
     0 | D:1      | Reached XP level 1. HP: 18/18 MP: 2/2
   211 | D:1      | Gained mutation: You may rarely emit foul miasma when
                  | damaged in melee. [demonic ancestry]
   211 | D:1      | Reached XP level 2. HP: 8/24 MP: 3/3
   296 | D:1      | Reached skill level 1 in Stealth
   301 | D:1      | Learned a level 2 spell: Scorch
   980 | D:1      | Found Qadwiev's Book Boutique.
  1219 | D:2      | Gained mutation: You sometimes emit foul miasma when
                  | damaged in melee. [demonic ancestry]
  1219 | D:2      | Reached XP level 3. HP: 29/29 MP: 2/5
  1388 | D:2      | Found Larad's Antique Armour Shoppe.
  1533 | D:2      | Found Kaonoetigg's Antique Weapon Shoppe.
  1533 | D:2      | Found Cuill's Magic Scroll Shoppe.
  1544 | D:2      | Bought a scroll of noise for 13 gold pieces
  1544 | D:2      | Bought a scroll of identify for 26 gold pieces
  1622 | D:2      | Gained mutation: Your touch may inflict minor irresistible
                  | damage on your foes. [demonic ancestry]
  1622 | D:2      | Reached XP level 4. HP: 20/35 MP: 0/7
  1769 | D:2      | You fall into a shaft and drop 1 floor!
  1981 | D:2      | Bought a scroll of teleportation for 39 gold pieces
  2173 | D:3      | Found a shimmering altar of Xom.
  2265 | D:3      | Gained mutation: You are partially covered in razor-sharp
                  | scales. (AC +1, Slay +1) [demonic ancestry]
  2265 | D:3      | Reached XP level 5. HP: 41/41 MP: 1/8
  2574 | D:3      | Found a snail-covered altar of Cheibriados.
  2906 | D:4      | Reached skill level 5 in Fire Magic
  3136 | D:4      | Noticed Duvessa
  3136 | D:4      | Noticed Dowan
  3237 | D:4      | Gained mutation: You are mostly covered in razor-sharp
                  | scales. (AC +2, Slay +2) [demonic ancestry]
  3237 | D:4      | Reached XP level 6. HP: 47/47 MP: 2/9
  4010 | D:4      | Noticed Grinder
  4024 | D:4      | Killed Grinder
  4025 | D:4      | Reached XP level 7. HP: 49/55 MP: 0/10
  4136 | D:4      | Found a bloodstained altar of Trog.
  4209 | D:5      | Entered Level 5 of the Dungeon
  4427 | D:5      | Reached skill level 5 in Fighting
  5167 | D:6      | Reached skill level 1 in Throwing
  5593 | D:6      | Reached XP level 8. HP: 62/62 MP: 6/11
  5628 | D:6      | Reached skill level 3 in Axes
  6016 | D:6      | Found an iron altar of Okawaru.
  6018 | D:6      | Found a shadowy altar of Dithmenos.
  6046 | D:6      | Reached skill level 4 in Axes
  6340 | D:6      | Found a sacrificial altar of Ru.
  6340 | D:6      | Found a shimmering blue altar of Sif Muna.
  6709 | D:7      | Found a flagged portal.
  6718 | D:7      | Reached skill level 5 in Axes
  6838 | Bailey   | Entered a bailey
  6852 | Bailey   | HP: 1/64 [ogre/+0 halberd (13)]
  6860 | Bailey   | Reached XP level 9. HP: 28/71 MP: 1/13
  6861 | Bailey   | Reached skill level 6 in Axes
  6913 | Bailey   | Noticed a two-headed ogre
  6917 | Bailey   | Killed a two-headed ogre
  6918 | Bailey   | Reached skill level 7 in Axes
  6958 | Bailey   | Reached skill level 8 in Axes
  7221 | D:7      | Identified the +3 leather armour of the Fife {+Inv rF+ rN++
                  | Int-2}
  7287 | D:7      | Reached XP level 10. HP: 79/80 MP: 11/14
  7640 | D:7      | Found a stormy altar of Qazlal.
  7939 | D:7      | Found a staircase to the Ecumenical Temple.
  7943 | D:7      | Reached skill level 9 in Axes
  8150 | Temple   | Entered the Ecumenical Temple
  8308 | D:7      | Learned a level 3 spell: Volatile Blastmotes
  8374 | D:8      | Identified the +4 plate armour of the Raven {rPois}
  8392 | D:8      | Noticed an orange demon
  8395 | D:8      | Noticed Amaemon
  8402 | D:8      | Killed an orange demon
  8479 | D:8      | Identified the +4 trident of Blind Justice {pain, *Rage
                  | rF++}
  8490 | D:8      | Found a transporter.
  8490 | D:8      | Found a transporter.
  8753 | D:8      | Killed Amaemon
  9394 | D:8      | Noticed epsilonplus's ghost (novice MfGl)
  9430 | D:8      | Identified the amulet of Narelose {*Slow Regen+ Int+6
                  | Dex+2}
  9965 | D:9      | Reached skill level 10 in Axes
 10276 | D:9      | Reached skill level 10 in Fighting
 10293 | D:9      | Gained mutation: Your touch may inflict irresistible damage
                  | on your foes. [demonic ancestry]
 10293 | D:9      | Reached XP level 11. HP: 33/90 MP: 15/15
 10464 | D:9      | Found a staircase to the Lair.
 11015 | D:9      | Found an opulent altar of Gozag.
 11207 | D:9      | Reached skill level 11 in Axes
 11241 | D:9      | Found a radiant altar of Vehumet.
 11241 | D:9      | Found an ancient bone altar of Kikubaaqudgha.
 11474 | D:10     | Entered Level 10 of the Dungeon
 11592 | D:10     | Found a basalt altar of Yredelemnul.
 11594 | D:10     | Noticed a two-headed ogre
 11603 | D:10     | Killed a two-headed ogre
 12442 | D:11     | Found a staircase to the Orcish Mines.
 12516 | D:11     | Found a frozen archway.
 12525 | D:11     | HP: 4/90 [ice devil (2)]
 12525 | D:11     | Slain by an ice devil

Illustrated notes

Levels and vault maps discovered:
D:1:      kennysheep_arrival_seaside, layout_basic, serial_shops,
          nicolae_shop_behind_doors, hex_tiny
D:2:      layout_rooms, serial_shops, shop, nicolae_square_shop, shop
D:3:      layout_loops_ring, marbit_many_paths, dk_xom_monty_hall
D:4:      layout_basic, kennysheep_mini_moat, minmay_pentomino_pile,
          uniq_duvessa, uniq_grinder
D:5:      layout_loops_ring, grunt_ministairs_9
D:6:      layout_basic, chequers_temple_overflow_statue_of_worship,
          gammafunk_temple_overflow_statue, minmay_fountain_box
D:7:      minmay_flawed_box, layout_loops_ring,
          nicolae_qazlal_scattered_showers, minmay_temple_entry_fiery,
          enter_bailey_6
D:8:      layout_loops_cross, serial_bayou, serial_bayou_shore_b,
          serial_bayou_shore_a, serial_bayou_pond_d, serial_bayou_lake_a,
          serial_bayou_pond_e, serial_bayou_pond_d,
          gammafunk_ghost_gnarly_gnolls, uniq_amaemon
D:9:      layout_basic, lemuel_tele_altar, mainiacjoe_overflow_divided_tiny,
          minmay_lair_entry_grove, nicolae_elevator_lobby_plus
D:10:     layout_loops_cross, mainiacjoe_overflow_small_starburst,
          grunt_decor_one_mirror, nicolae_two_hexagons
D:11:     layout_loops_ring, david_orc_2, portal_ice_cave_demonic_guard
Temple:   nicolae_temple_two_arcs

Skill      XL: |  1  2  3  4  5  6  7  8  9 10 11 |
---------------+----------------------------------+-----
Stealth        | 1 2 3 |  3.0
Fire Magic     | 3 4 5 6 |  6.0
Spellcasting   | 2 3 |  3.0
Fighting       | 4 5 6 8 10 | 10.0
Translocations | 3 4 |  4.0
Throwing       | 2 |  2.0
Axes           | 5 8 10 11 | 11.7

Action                     |  1- 3 |  4- 6 |  7- 9 | 10-12 || total
---------------------------+-------+-------+-------+-------++-------
  Melee: Hand axe          |    58 |    31 |     2 |       ||    91
         Touch             |       |     8 |    10 |    23 ||    41
         War axe           |       |       |    65 |   153 ||   218
         Spear             |       |       |     4 |       ||     4
         Punch             |       |       |     1 |       ||     1
   Cast: Scorch            |    14 |    49 |    64 |    56 ||   183
         Volatile Blastmot |       |       |       |     9 ||     9
 Invoke: Fiery Armour      |     2 |     1 |     1 |     2 ||     6
         Foxfire Swarm     |       |       |     1 |       ||     1
         Rising Flame      |       |       |       |     1 ||     1
  Evoke: Wand              |       |       |       |     2 ||     2
    Use: Scroll            |     4 |     3 |     6 |    10 ||    23
         Potion            |       |       |     3 |     1 ||     4
 Armour: Robe              |    24 |     7 |    12 |       ||    43
         Leather armour    |       |       |    13 |       ||    13
         Quicksilver drago |       |       |     8 |    57 ||    65
  Dodge: Dodged            |    38 |    18 |    50 |   140 ||   246

Table legend: (Time is in decaauts)
 A = Elapsed time spent in this place.
 B = Non-inter-level travel time spent in this place.
 C = Inter-level travel time spent in this place.
 D = Time resting spent in this place.
 E = Time spent auto-exploring this place.
 F = Levels seen in this place.
 G = Mean time per level.
                   A        B        C        D        E       F      G
               +--------+--------+--------+--------+--------+-----+--------+
         Total |  12641 |  11845 |    796 |    839 |   9217 |  13 |  972.4 |
       Dungeon |  12253 |  11457 |    796 |    772 |   9111 |  11 | 1113.9 |
        Temple |    119 |    119 |      0 |      0 |    106 |   1 |  119.0 |
        Bailey |    268 |    268 |      0 |     67 |      0 |   1 |  268.0 |
               +--------+--------+--------+--------+--------+-----+--------+

Top non-repeatable levels by time:
     D:9: 1531 daAuts
     D:8: 1499 daAuts
     D:7: 1482 daAuts
     D:4: 1335 daAuts
     D:5: 1311 daAuts
     D:1: 1215 daAuts
     D:6: 1045 daAuts
     D:3: 1023 daAuts
    D:10: 957 daAuts
     D:2: 761 daAuts
  Bailey: 268 daAuts
  Temple: 119 daAuts
    D:11: 90 daAuts
